 Dungeon Crawl Stone Soup version 0.30-a0-879-ga8ba668304 (webtiles) character file.

Game seed: 5603706480801291397

454 AtlasWard the Shooter (level 7, -1/44 HPs)
             Began as a Kobold Hunter on Mar 12, 2023.
             Slain by a killer bee (3 damage)
             ... on level 6 of the Dungeon.
             The game lasted 00:06:41 (4760 turns).

AtlasWard the Shooter (Kobold Hunter)               Turns: 4760, Time: 00:06:41

Health: -1/44      AC:  8    Str:  8    XL:     7   Next: 26%
Magic:  7/7        EV: 13    Int: 11    God:
Gold:   347        SH:  0    Dex: 20    Spells: 6/6 levels left

rFire   . . .      SeeInvis .    b - +2 dagger (elec)
rCold   + . .      Faith    .    (no shield)
rNeg    + . .      Spirit   .    z - +2 ring mail {rC+}
rPois   .          Reflect  .    (no helmet)
rElec   .          Rampage  .    r - +0 cloak
rCorr   .                        (no gloves)
Will    .....                    (no boots)
Stlth   ++++                     (no amulet)
HPRegen 0.27/turn                d - ring of positive energy
MPRegen 0.10/turn                (no ring)

@: no status effects
A: small, no large weapons, nightstalker 3
a: no special abilities


You were on level 6 of the Dungeon.
You visited 1 branch of the dungeon, and saw 6 of its levels.

You collected 347 gold pieces.

Inventory:

Hand Weapons
 a - a +0 shortbow
 b - a +2 dagger of electrocution (weapon)
 s - a +1 short sword of electrocution
Armour
 c - a +0 leather armour
 r - a +0 cloak (worn)
 z - a +2 ring mail of cold resistance (worn)
Jewellery
 d - a ring of positive energy (left hand)
 w - an amulet of faith
Wands
 n - a wand of flame (11) (quivered)
 u - a wand of digging (2)
Scrolls
 g - 6 scrolls of identify {unknown}
 i - a scroll of enchant weapon {unknown}
 j - a scroll of enchant armour {unknown}
 k - a scroll of immolation
 m - a scroll of butterflies {unknown}
 o - 2 scrolls of amnesia {unknown}
 q - 2 scrolls of poison {unknown}
 v - a scroll of noise {unknown}
 y - 3 scrolls of teleportation {unknown}
Potions
 e - 3 potions of curing {unknown}
 f - a potion of heal wounds {unknown}
 h - a potion of flight {unknown}
 l - a potion of haste {unknown}
 p - 2 potions of ambrosia {unknown}
 t - 2 potions of mutation {unknown}
 x - a potion of brilliance {unknown}


   Skills:
 + Level 4.3 Fighting
 + Level 3.6 Short Blades
 + Level 7.5 Ranged Weapons
 - Level 2.4 Dodging
 + Level 5.1 Stealth


You had 6 spell levels left.
You didn't know any spells.
Your spell library contained the following spells:

 Spells                   Type           Power      Damage    Failure   Level
 Freeze                   Ice            0%         1d3       73%         1
 Magic Dart               Conj           0%         1d3       73%         1
 Call Imp                 Summ           0%         N/A       86%         2
 Frozen Ramparts          Ice            0%         1d1       97%         3
 Hailstorm                Conj/Ice       0%         3d3       97%         3
 Mephitic Cloud           Conj/Pois/Air  0%         N/A       97%         3


Dungeon Overview and Level Annotations

Branches:
Dungeon (6/15)
 Temple: D:4-7

Altars:
Cheibriados
The Shining One

Annotations:
D:6 exclusion: 2 steam dragons


Innate Abilities, Weirdness & Mutations

You are small and have problems with some larger weapons.
You are completely attuned to the shadows.


Message History

You are more poisoned.
The killer bee poisons you!
You feel very sick.
You see here a killer bee corpse.
You feel sick. The killer bee barely misses you.
You closely miss the killer bee.
You feel sick.
The killer bee stings you but does no damage.
The killer bee closely misses you.
Okay, then.
Okay, then.
You miss the killer bee.
You feel sick. The killer bee closely misses you.
You barely miss the killer bee.
You feel sick. The killer bee closely misses you. The killer bee stings you.
* * * LOW HITPOINT WARNING * * *
You hit the killer bee.
The killer bee is moderately wounded.
The killer bee barely misses you. The killer bee closely misses you.
You hit the killer bee but do no damage.
The killer bee is moderately wounded.
You feel sick. The killer bee barely misses you.
You hit the killer bee.
The killer bee is heavily wounded.
You feel sick. The killer bee barely misses you. The killer bee misses you.
You hit the killer bee.
The killer bee is severely wounded.
You feel sick. The killer bee stings you.
* * * LOW HITPOINT WARNING * * *
You closely miss the killer bee.
The killer bee is severely wounded.
You feel sick.
You are no longer poisoned.
The killer bee closely misses you. The killer bee stings you.
* * * LOW HITPOINT WARNING * * *
You hit the killer bee.
Lightning courses through the killer bee!
You kill the killer bee!
The killer bee stings you but does no damage.
Your Stealth skill increases to level 5!
You barely miss the killer bee. The killer bee stings you.
You die...

. ... ####..$
#...#..
#.#.y..
#..#!<.
#####.#...
#..@yy....
.####.####....
..............
###..#######..
###.### #D...#
#.....#
#.!..##..###.#
....##.# #.##
#.#....
#..####


You could see 2 killer bees.

Vanquished Creatures
  2 killer bees (D:6)
  A jelly (D:4)
  Crazy Yiuf (D:2)
  2 iguanas (D:5)
  An orc wizard (D:4)
  2 gnolls
  7 adders
  2 shadow imps (D:5)
  A white imp (D:6)
  4 worms
  3 dart slugs
  20 orcs
  2 bats
  4 endoplasms
  2 giant cockroaches
  7 goblins
  4 hobgoblins
  2 jackals (D:1)
  7 kobolds
  5 quokkas
  3 ball pythons
  A frilled lizard (D:1)
  8 rats
91 creatures vanquished.

Notes
Turn   | Place    | Note
-------+----------+-------------------------------------------
     0 | D:1      | AtlasWard the Kobold Hunter began the quest for the Orb.
     0 | D:1      | Reached XP level 1. HP: 12/12 MP: 1/1
   277 | D:1      | Reached XP level 2. HP: 18/18 MP: 2/2
   311 | D:1      | Found a faded altar of an unknown god.
   510 | D:1      | Reached skill level 6 in Ranged Weapons
   510 | D:1      | Reached XP level 3. HP: 22/22 MP: 3/3
   961 | D:2      | Reached XP level 4. HP: 20/27 MP: 4/4
  1317 | D:2      | Reached skill level 1 in Short Blades
  1506 | D:2      | Found a runed translucent door.
  1509 | D:2      | Noticed Crazy Yiuf
  1659 | D:2      | Killed Crazy Yiuf
  1660 | D:2      | Reached XP level 5. HP: 32/32 MP: 5/5
  1662 | D:2      | Identified the +9 hammer of the Healing Gods {flame, rElec
                  | rC+ Will+++ Int+3}
  2724 | D:4      | You fall into a shaft and drop 1 floor!
  2724 | D:5      | Entered Level 5 of the Dungeon
  2877 | D:4      | Reached XP level 6. HP: 37/37 MP: 6/6
  3334 | D:4      | Reached skill level 7 in Ranged Weapons
  4209 | D:5      | Found a snail-covered altar of Cheibriados.
  4209 | D:5      | Found a glowing golden altar of the Shining One.
  4306 | D:5      | Noticed an ogre
  4705 | D:6      | Noticed a steam dragon
  4710 | D:6      | Noticed a steam dragon
  4727 | D:6      | Reached XP level 7. HP: 43/43 MP: 7/7
  4758 | D:6      | HP: 2/43 [poisoned by a killer bee]
  4760 | D:6      | Reached skill level 5 in Stealth
  4760 | D:6      | Slain by a killer bee

Illustrated notes

Levels and vault maps discovered:
D:1:      saegor_arrival_simple_c, layout_basic,
          hellmonk_ecumenical_altar_zigzags, serial_bayou_crossing
D:2:      layout_rooms, grunt_ministairs_11, chequers_avenue,
          uniq_crazy_yiuf_cottage
D:3:      layout_basic, serial_forest, infiniplex_forest_lined_room_2,
          infiniplex_forest_clump_medium, infiniplex_forest_clump_double,
          infiniplex_forest_lined_3, hex_tiny
D:4:      layout_gridville, minmay_misc_feat_ornament
D:5:      layout_basic, jmf_multi_god_temple
D:6:      layout_rooms, minmay_temple_entry_statues, uniq_prince_ribbit1

Skill      XL: |  1  2  3  4  5  6  7 |
---------------+----------------------+-----
Stealth        | 2 3 4 5 |  5.1
Ranged Weapons | 6 7 |  7.5
Fighting       | 3 4 |  4.3
Short Blades   | 1 2 3 |  3.6
Dodging        | |  2.4

Action                     |  1- 3 |  4- 6 |  7- 9 || total
---------------------------+-------+-------+-------++-------
  Melee: Short sword       |       |    41 |       ||    41
         Dagger            |       |   109 |    13 ||   122
   Fire: Shortbow          |    57 |    13 |       ||    70
  Evoke: Wand              |       |     1 |       ||     1
   Stab: Sleeping          |       |    21 |       ||    21
         Distracted        |       |     1 |       ||     1
 Armour: Leather armour    |     6 |    23 |       ||    29
         Ring mail         |       |     1 |     6 ||     7
  Dodge: Dodged            |    14 |    82 |    22 ||   118

Table legend: (Time is in decaauts)
 A = Elapsed time spent in this place.
 B = Non-inter-level travel time spent in this place.
 C = Inter-level travel time spent in this place.
 D = Time resting spent in this place.
 E = Time spent auto-exploring this place.
 F = Levels seen in this place.
 G = Mean time per level.
                   A        B        C        D        E       F      G
               +--------+--------+--------+--------+--------+-----+--------+
         Total |   4773 |   4655 |    118 |    199 |   3842 |   6 |  795.5 |
       Dungeon |   4773 |   4655 |    118 |    199 |   3842 |   6 |  795.5 |
               +--------+--------+--------+--------+--------+-----+--------+

Top non-repeatable levels by time:
     D:4: 1228 daAuts
     D:3: 978 daAuts
     D:1: 902 daAuts
     D:2: 849 daAuts
     D:5: 748 daAuts
     D:6: 65 daAuts
